Map: King Sejong Station LE

Players

IlIlIlIlIlIl (Naniwa) - Winner!

  • Race: Protoss Protoss
  • League: Grandmaster

Elazer

  • Race: Zerg Zerg
  • League: Grandmaster

VOD

Have the link to the VOD?

Description

Time

  • Played on: Sept. 20, 2016, 4:44 p.m.
  • Length: 8:34
Show
View Real Time Build Order
Export as new Build Order

IlIlIlIlIlIl Protoss - Winner!

Build Orders: Nexus First, Zealot Archon, Dark Templar Rush 

Get SALT Encoding   

  12  0:01  Probe (Chrono Boost)  
  13  0:12  Probe (Chrono Boost)  
  14  0:18  Pylon  
  14  0:22  Probe (Chrono Boost)  
  15  0:37  Probe (Chrono Boost)  
  16  0:47  Probe (Chrono Boost)  
  17  0:58  Nexus  
  17  1:08  Gateway  
  18  1:11  Probe (Chrono Boost)  
  18  1:17  Assimilator  
  18  1:22  Probe (Chrono Boost)  
  18  1:24  Assimilator  
  19  1:32  Probe (Chrono Boost)  
  20  1:37  Pylon  
  20  1:43  Probe (Chrono Boost)  
  21  1:54  Probe (Chrono Boost)  
  22  1:59  Zealot, Cybernetics Core  
  24  2:04  Probe (Chrono Boost)  
  25  2:11  Probe (Chrono Boost)  
  25  2:15  Probe (Chrono Boost)  
  27  2:22  Probe (Chrono Boost)  
  28  2:25  Warp Gate, Probe (Chrono Boost)  
  29  2:33  Probe (Chrono Boost)  
  29  2:36  Mothership Core (Chrono Boost)  
  32  2:38  Stalker  
  35  2:44  Probe (Chrono Boost)  
  35  2:55  Probe (Chrono Boost)  
  35  2:57  Probe (Chrono Boost)  
  37  3:01  Robotics Facility  
  37  3:06  Probe (Chrono Boost)  
  37  3:10  Probe (Chrono Boost)  
  39  3:13  Twilight Council  
  39  3:17  Probe (Chrono Boost)  
  39  3:19  Pylon  
  40  3:21  Probe (Chrono Boost)  
  41  3:29  Probe (Chrono Boost)  
  41  3:31  Probe (Chrono Boost)  
  44  3:41  Probe (Chrono Boost)  
  44  3:42  Probe (Chrono Boost)  
  44  3:47  Gateway  
  44  3:48  Gateway  
  45  3:49  Dark Shrine  
  45  3:51  Gateway  
  45  3:53  Probe (Chrono Boost)  
  45  3:55  Probe (Chrono Boost)  
  47  3:58  Assimilator  
  47  4:00  Warp Prism  
  47  4:02  Assimilator  
  47  4:08  Probe (Chrono Boost)  
  47  4:09  Probe (Chrono Boost)  
  51  4:19  Probe (Chrono Boost), Pylon  
  52  4:33  Probe (Chrono Boost)  
  52  4:34  Probe (Chrono Boost), Pylon  
  54  4:48  Nexus, Pylon  
  54  4:55  Resonating Glaives  
  54  4:58  Pylon  
  54  5:01  Dark Templar x4  
  54  5:05  Archon x2, Immortal  
  66  5:36  Gateway  
  66  5:37  Gateway  
  66  5:38  Gateway  
  66  5:40  Immortal  
  66  5:41  Gateway  
  70  5:50  Sentry, Adept  
  70  5:51  Adept x2  
  78  6:00  Pylon  
  78  6:01  Pylon  
  78  6:07  Probe (Chrono Boost)  
  78  6:08  Probe (Chrono Boost)  
  78  6:09  Probe (Chrono Boost)  
  81  6:15  Adept x4  
  81  6:16  Observer  
  90  6:42  Adept x3  
  90  6:43  Adept x5  
  106  6:50  Pylon  
  106  6:51  Pylon  
  106  7:11  Adept x5  
  106  7:12  Adept  
  106  7:13  Adept x2  
  122  7:18  Probe (Chrono Boost)  
  122  7:19  Probe x2 (Chrono Boost)  
  125  7:25  Pylon x3  
  125  7:33  Adept x3  
  125  7:35  Adept  
  133  7:43  Adept x3  
  135  7:47  Adept  
  127  7:59  Adept  
  127  8:00  Adept x3  
  99  8:17  Templar Archives  
  93  8:29  Adept x8  
Show
View Real Time Build Order
Export as new Build Order

Elazer Zerg 

Build Orders: Pool First 

Get SALT Encoding   

  12  0:00  Drone  
  13  0:12  Overlord  
  13  0:16  Drone  
  14  0:31  Drone x2  
  14  0:35  Drone  
  17  0:45  Extractor  
  17  0:46  Drone  
  17  0:50  Spawning Pool  
  17  0:56  Drone  
  17  1:07  Drone  
  18  1:18  Hatchery  
  17  1:22  Drone  
  18  1:38  Queen, Zergling x2  
  21  1:45  Metabolic Boost  
  21  1:50  Overlord  
  21  1:53  Drone  
  22  2:11  Drone x2  
  22  2:13  Queen  
  26  2:21  Drone  
  27  2:30  Drone  
  27  2:31  Pneumatized Carapace  
  27  2:33  Drone  
  29  2:44  Hatchery  
  29  2:48  Drone  
  29  2:50  Drone x2  
  31  2:53  Drone  
  32  3:00  Overlord  
  32  3:02  Drone x2  
  34  3:13  Drone  
  34  3:14  Drone  
  34  3:17  Queen  
  38  3:20  Drone x3  
  38  3:23  Drone  
  38  3:24  Drone  
  43  3:27  Overlord  
  43  3:38  Drone  
  43  3:40  Overlord  
  44  3:43  Extractor  
  44  3:45  Lair  
  44  3:48  Drone x3  
  45  3:49  Drone x2  
  48  3:57  Queen  
  48  3:58  Drone x3  
  53  4:05  Roach Warren  
  53  4:09  Overlord  
  52  4:10  Drone  
  52  4:16  Drone x2  
  52  4:17  Drone x3  
  57  4:18  Drone  
  57  4:23  Overlord  
  59  4:28  Overlord  
  59  4:30  Spore Crawler, Drone  
  59  4:43  Spore Crawler  
  59  4:44  Overlord x2  
  58  4:46  Roach x5  
  58  4:48  Overseer  
  58  4:51  Roach x2  
  72  4:55  Glial Reconstitution  
  72  4:59  Drone x4  
  76  5:02  Drone x3  
  76  5:03  Drone  
  76  5:06  Drone x2  
  76  5:07  Drone  
  83  5:09  Drone  
  83  5:14  Extractor  
  83  5:15  Drone x2  
  83  5:16  Extractor, Evolution Chamber  
  83  5:17  Drone  
  84  5:28  Drone x4  
  86  5:34  Overlord  
  86  5:35  Extractor, Hydralisk Den  
  85  5:37  Drone x2  
  85  5:38  Drone  
  85  5:39  Drone  
  85  5:41  Drone  
  88  5:45  Zerg Missile Weapons Level 1  
  88  5:49  Overlord  
  88  5:50  Drone x2  
  88  5:51  Drone x3  
  88  5:56  Overlord  
  93  6:01  Overlord  
  93  6:02  Extractor, Drone  
  93  6:06  Lurker Den  
  93  6:07  Hydralisk  
  93  6:08  Hydralisk  
  95  6:11  Overlord  
  95  6:16  Hatchery  
  94  6:20  Overlord  
  94  6:31  Drone x2  
  94  6:32  Overlord  
  94  6:37  Drone x2  
  94  6:39  Hydralisk x8  
  112  6:45  Roach  
  112  6:46  Roach  
  116  6:49  Overlord  
  116  7:00  Hydralisk x4  
  124  7:03  Overlord  
  124  7:05  Hydralisk x2  
  124  7:06  Hatchery  
  127  7:13  Roach x3  
  133  7:15  Ravager x2  
  133  7:16  Ravager  
  133  7:18  Queen x2  
  133  7:19  Roach x2  
  133  7:21  Overlord  
  133  7:22  Roach  
  149  7:23  Roach x3  
  153  7:30  Overlord x2  
  153  7:37  Overlord  
  152  7:44  Lurker  
  152  7:46  Roach x3  
  152  7:47  Overlord, Roach  
  161  7:55  Roach x6  
  124  8:07  Roach x5  
  124  8:09  Hydralisk  
Tags
 
Add a new tag
Caveats
  • Supply blocks, unpowered buildings, or Contaminate may cause inaccurate times.
  • Supply counts are checked every 10 seconds.